 Dungeon Crawl Stone Soup version 0.29.1-12-g30fa7ad0bf (webtiles) character file.

Game seed: 16997428953113506150

21 clampit the Slasher (level 2, 0/19 HPs)
             Began as a Tengu Monk on Jan 18, 2023.
             Slain by a quokka (4 damage)
             ... on level 1 of the Dungeon.
             The game lasted 00:10:27 (267 turns).

clampit the Slasher (Tengu Monk)                     Turns: 267, Time: 00:10:28

Health: 0/19       AC:  2    Str: 11    XL:     2   Next: 87%
Magic:  3/3        EV: 13    Int: 10    God:
Gold:   65         SH:  0    Dex: 16    Spells: 1/1 levels left

rFire   . . .      SeeInvis .   a - +0 falchion
rCold   . . .      Faith    .   (no shield)
rNeg    . . .      Spirit   .   b - +0 robe
rPois   .          Reflect  .   (helmet restricted)
rElec   .          Harm     .   (no cloak)
rCorr   .          Rampage  .   (no gloves)
Will    .....                   (boots unavailable)
Stlth   ++........              (no amulet)
HPRegen 0.06/turn               (no ring)
MPRegen 0.08/turn               (no ring)

@: no status effects
A: beak, talons 3
a: no special abilities


You were on level 1 of the Dungeon.
You visited 1 branch of the dungeon, and saw 1 of its levels.

You collected 65 gold pieces.

Inventory:

Hand Weapons
 a - a +0 falchion (weapon)
 c - a +0 short sword
Missiles
 e - 4 curare-tipped darts (quivered)
Armour
 b - a +0 robe (worn)
Scrolls
 d - a scroll of identify


   Skills:
 + Level 3.3 Fighting
 + Level 3.7 Long Blades
 + Level 3.4 Dodging
 + Level 2.2 Stealth


You had one spell level left.
You didn't know any spells.
Your spell library was empty.

Dungeon Overview and Level Annotations

Branches:
Dungeon (1/15)

Altars:

Shops:
D:1 (


Innate Abilities, Weirdness & Mutations

You have a beak for a mouth.
You have claws for feet.


Message History

You see here a rat corpse.
An endoplasm comes into view.
A kobold comes into view. It is wielding a +0 dagger.
The kobold shouts!
The goblin shouts!
The endoplasm quivers.
A quokka comes into view.
A giant cockroach comes into view.
You hit the endoplasm. You claw the endoplasm.
You kill the endoplasm!
The kobold barely misses you.
You slash the goblin!
You kill the goblin!
The kobold hits you with a +0 dagger.
You hit the kobold but do no damage. You claw the kobold.
The kobold is severely wounded.
The kobold drinks a potion.
The kobold is healed!
The giant cockroach bites you but does no damage.
You slash the kobold!
You kill the kobold!
The giant cockroach closely misses you.
You barely miss the quokka. The giant cockroach bites you.
The quokka barely misses you.
You barely miss the quokka. Your kick misses the quokka.
The giant cockroach bites you. The quokka closely misses you.
The giant cockroach barely misses you.
You closely miss the quokka. Your kick misses the quokka. The quokka bites you.
The giant cockroach completely misses you.
The quokka bites you.
* * * LOW HITPOINT WARNING * * *
As you read the scroll labelled TAREFU SOJIERCH, it crumbles to dust.
It is a scroll of identify.
You don't have any unidentified items.
The giant cockroach bites you.
* * * LOW HITPOINT WARNING * * *
The quokka barely misses you.
You closely miss the quokka. You claw the quokka.
The quokka is moderately wounded.
The giant cockroach barely misses you. The quokka bites you.
You die...

#... #... .# #..B
#.# #... #.# #...
#.# .. ... #.# ..
#.###.# .. #.B#..#
.. ##r@..###########
..
###).#.........##..
#............#..#
#....#..........#.##
#....##.....†...#.#.
#....##.######......
..##....##.. #..∩.#.
#........####
##...#. #.....#...##
.# #...##.


You could see a quokka and a giant cockroach.

Vanquished Creatures
  A dart slug (D:1)
  A ball python (D:1)
  A bat (D:1)
  2 endoplasms (D:1)
  A giant cockroach (D:1)
  2 goblins (D:1)
  2 hobgoblins (D:1)
  A frilled lizard (D:1)
  3 kobolds (D:1)
  4 rats (D:1)
18 creatures vanquished.

Notes
Turn   | Place    | Note
-------+----------+-------------------------------------------
     0 | D:1      | clampit the Tengu Monk began the quest for the Orb.
     0 | D:1      | Reached XP level 1. HP: 14/14 MP: 2/2
   108 | D:1      | Reached XP level 2. HP: 19/19 MP: 3/3
   233 | D:1      | Found Viby's Antique Weapon Boutique.
   267 | D:1      | Slain by a quokka

Illustrated notes

Levels and vault maps discovered:
D:1:      moated_graveyard_arrival, layout_rooms, ebering_ecumenical_altar_box,
          serial_shops, shop, minmay_crystal_room

Action                   || total
-------------------------++-------
Melee: Falchion          ||    29
       Kick              ||     6
  Use: Potion            ||     3
       Scroll            ||     1
 Stab: Sleeping          ||     4
Armor: Robe              ||     3
Dodge: Dodged            ||    16
